 Dungeon Crawl Stone Soup version 0.27.0-1-g7a089689b8 (webtiles) character file.

Game seed: 1992484488706960769

32 SnakkuSnakku7 the Grave Robber (level 3, 0/19 HPs)
             Began as a Gargoyle Necromancer on Aug 5, 2021.
             Slain by a kobold (1 damage)
             ... on level 2 of the Dungeon.
             The game lasted 00:02:47 (949 turns).

SnakkuSnakku7 the Grave Robber (GrNe)                Turns: 949, Time: 00:02:47

Health: 0/19       AC:  5    Str: 11    XL:     3   Next: 27%
Magic:  3/6        EV: 11    Int: 16    God:
Gold:   55         SH:  0    Dex: 10    Spells: 2/6 levels left

rFire    . . .     SeeInvis .   c - +0 club
rCold    . . .     Faith    .   (no shield)
rNeg     + . .     Spirit   .   a - +0 robe
rPois    ∞         Reflect  .   (no helmet)
rElec    +         Harm     .   (no cloak)
rCorr    .         Rampage  .   (no gloves)
Will     .....                  (no boots)
Stlth    ++........             (no amulet)
HPRegen  0.06/turn              (no ring)
MPRegen  0.10/turn              (no ring)

@: no status effects
A: sickness immunity, AC +3, negative energy resistance 1, electricity
resistance, torment resistance 1, petrification resistance
a: no special abilities


You were on level 2 of the Dungeon.
You visited 1 branch of the dungeon, and saw 2 of its levels.

You collected 55 gold pieces.

Inventory:

Hand Weapons
 c - a +0 club (weapon)
Armour
 a - a +0 robe (worn)
Scrolls
 b - a scroll of magic mapping {unknown}
 d - a scroll of teleportation {unknown}
 e - 2 scrolls of immolation {unknown}
 f - a scroll of identify {unknown}


   Skills:
 - Level 1.5 Dodging
 - Level 2.1 Stealth
 - Level 2.0 Spellcasting
 + Level 4.2 Necromancy


You had 2 spell levels left.
You knew the following spells:

 Your Spells              Type           Power      Damage    Failure   Level
a - Pain                  Necr           60%        1d7       3%          1
b - Vampiric Draining     Necr           7%         2d7       11%         3

Your spell library contained the following spells:

 Spells                   Type           Power      Damage    Failure   Level
 Animate Skeleton         Necr           30%        N/A       3%          1
 Animate Dead             Necr           7%         N/A       36%         4
 Ozocubu's Armour         Ice            1%         N/A       52%         3
 Agony                    Necr           15%        N/A       71%         5
 Metabolic Englaciation   Hex/Ice        0%         N/A       99%         5
 Simulacrum               Ice/Necr       4%         N/A       100%        6


Dungeon Overview and Level Annotations

Branches:
Dungeon (2/15)

Altars:

Annotations:
D:2 Terence


Innate Abilities, Weirdness & Mutations

You are immune to sickness and miasma.
Your stone body is resilient. (AC +3)
You are immune to poison.
You resist negative energy. (rN+)
You are resistant to electric shocks. (rElec)
You are resistant to unholy torment.
You are immune to petrification.


Message History

Aim: a dart slug (severely wounded, chance to affect: 85%)
The dart slug barely resists.
The dart slug bites you but does no damage.
Found 21 stones.
Found a stone staircase leading up.
A dart slug is nearby!
You hit the dart slug.
You kill the dart slug!
Found a scale mail.
f - a scroll labelled OMADAEL AHO Terence the Incautious comes into view.
He is wielding a +0 short sword.
Found a hunting sling.
You see here 8 gold pieces.
You now have 55 gold pieces (gained 8).
Terence shouts!
You hear an angry hiss.
You hear a shout!
You hear a bark!
Casting: Pain (safe; 3% risk of failure)
Confirm with . or Enter, or press ? or * to list all spells.
You can't see any susceptible monsters within range! (Use Z to cast anyway.)
Casting: Pain (safe; 3% risk of failure)
Confirm with . or Enter, or press ? or * to list all spells.
Aiming: Pain (safe; 3% risk of failure)
Press: ? - help, Shift-Dir - straight line, f - Terence
Aim: Terence, wielding a +0 short sword and wearing a +0 scale mail (chance to affect: 80%) Terence barely resists.
Casting: Pain (safe; 3% risk of failure)
Confirm with . or Enter, or press ? or * to list all spells.
Aiming: Pain (safe; 3% risk of failure)
Press: ? - help, Shift-Dir - straight line, f/p - Terence
Aim: Terence, wielding a +0 short sword and wearing a +0 scale mail (chance to affect: 80%) Terence writhes in agony.
There is a stone staircase leading down here.
A kobold comes into view.
It is wielding a +2 short sword of freezing.
The kobold shouts!
The kobold throws a stone.
The stone hits you but does no damage.
The kobold hits you with a +2 short sword of freezing.
The kobold freezes you.
* * * LOW HITPOINT WARNING * * *
The kobold hits you with a +2 short sword of freezing.
* * * LOW HITPOINT WARNING * * *
The kobold freezes you.
You die...

####..# #....##
......# . ......# ..
......# .. ..[...#
##.# ......#
######...#
......#######...K....#
......#......@..@....#
###..#...>......(....#
##....................
##................###
#................#
#................# #
#...........###### #
##........#.# #
#...........#


You could see Terence and a kobold.

Vanquished Creatures
  2 dart slugs
  4 ball pythons (D:1)
  3 endoplasms (D:1)
  2 giant cockroaches (D:1)
  A goblin (D:1)
  2 hobgoblins (D:1)
  3 bats
  A frilled lizard (D:1)
  5 kobolds (D:1)
  5 rats (D:1)
28 creatures vanquished.

Notes
Turn   | Place    | Note
-------+----------+-------------------------------------------
     0 | D:1      | SnakkuSnakku7 the Gargoyle Necromancer began the quest for
                  | the Orb.
     0 | D:1      | Reached XP level 1. HP: 10/10 MP: 3/3
    91 | D:1      | Reached XP level 2. HP: 2/15 MP: 0/5
    98 | D:1      | Found a faded altar of an unknown god.
   571 | D:1      | Reached skill level 4 in Necromancy
   599 | D:1      | Reached XP level 3. HP: 3/19 MP: 2/6
   603 | D:1      | Learned a level 3 spell: Vampiric Draining
   928 | D:2      | Noticed Terence
   949 | D:2      | Slain by a kobold

Illustrated notes

Levels and vault maps discovered:
D:1:      scummos_arrival_checkerplants, layout_loops_corners,
          ebering_ecumenical_altar_ruins
D:2:      layout_rooms, minmay_diced_spiral, uniq_terence

Skill      XL: |  1  2 |
---------------+-------+-----
Necromancy     | 4 |  4.2
Dodging        | |  1.5
Stealth        | |  2.1
Spellcasting   | |  2.0

Action                   || total
-------------------------++-------
Melee: Club              ||    10
 Cast: Pain              ||    50
Armor: Robe              ||    11
Dodge: Dodged            ||    15
